 Dungeon Crawl Stone Soup version 0.30-a0-1016-gfb0d676c02 (webtiles) character file.

Game seed: 14601209701969348203

38940 jasper the Destroyer (level 14, -36/88 HPs)
             Began as a Gargoyle Fire Elementalist on Apr 6, 2023.
             Was a High Priest of Vehumet.
             Killed from afar by a fire dragon (47 damage)
             ... with a blast of flame
             ... on level 5 of the Lair of Beasts.
             The game lasted 00:33:47 (18614 turns).

jasper the Destroyer (Gargoyle Fire Elementalist)  Turns: 18614, Time: 00:33:47

Health: -36/88     AC: 23    Str: 12    XL:     14   Next: 4%
Magic:  8/29       EV: 14    Int: 27    God:    Vehumet [*****.]
Gold:   688        SH: 11    Dex: 10    Spells: 5/35 levels left

rFire   . . .      SeeInvis +    x - +1 demon whip (venom)
rCold   + + +      Faith    .    H - +2 buckler {rC+}
rNeg    + . .      Spirit   .    L - +4 skin of Zhor {*Englaciate rC+++ SInv}
rPois   ∞          Reflect  +    (no helmet)
rElec   +          Rampage  .    T - +0 cloak
rCorr   .                        g - +1 pair of gloves
Will    +....                    (no boots)
Stlth   ++                       z - amulet of reflection
HPRegen 0.34/turn                d - +4 ring of protection
MPRegen 0.21/turn                V - +6 ring of intelligence

@: flying, very slightly contaminated, studying Necromancy
A: sickness immunity, AC +10, big wings, negative energy resistance 1,
electricity resistance, torment resistance 1, petrification resistance
a: Renounce Religion


You were on level 5 of the Lair of Beasts.
You worshipped Vehumet.
Vehumet was extremely pleased with you.
You visited 4 branches of the dungeon, and saw 18 of its levels.
You also visited: Bailey and Ice Cave.

You collected 1240 gold pieces.
You spent 552 gold pieces at shops.

Inventory:

Hand Weapons
 x - a +1 demon whip of venom (weapon)
Missiles
 j - 3 throwing nets
 q - 6 curare-tipped darts
Armour
 g - a +1 pair of gloves (worn)
 v - the +4 robe of Pacastrij {Fly rC+}
   (You found it on level 6 of the Dungeon)

   rC:        It protects you from cold.
   Fly:       It grants you flight.
 H - a +2 buckler of cold resistance (worn)
 L - the +4 skin of Zhor (worn) {*Englaciate rC+++ SInv}
   (You found it in an ice cave)

   *Englaciate: It radiates cold, occasionally slowing all nearby creatures who
   are not resistant to cold.
   rC:        It renders you almost immune to cold.
   SInv:      It lets you see invisible.
 N - a +1 tower shield of cold resistance
 T - a +0 cloak (worn)
 W - a scarf of resistance
Magical Staves
 h - a staff of cold
 y - a staff of poison
 Y - a staff of conjuration
Jewellery
 d - a +4 ring of protection (left hand)
 m - a +6 ring of dexterity
 w - a ring of positive energy
 z - an amulet of reflection (around neck)
 D - a +4 ring of protection
 J - a ring of ice
 V - a +6 ring of intelligence (right hand)
 X - a +5 ring of evasion
Wands
 a - a wand of digging (3)
 c - a wand of mindburst (13)
 e - a wand of charming (29)
 i - a wand of polymorph (15)
 r - a wand of acid (7)
 A - a wand of iceblast (13)
 G - a wand of flame (11)
Scrolls
 b - 2 scrolls of enchant armour
 E - a scroll of torment
 F - 3 scrolls of immolation
 I - a scroll of blinking
 M - 2 scrolls of poison
 O - a scroll of amnesia
 P - 3 scrolls of teleportation
 R - 2 scrolls of fear
Potions
 f - 7 potions of curing
 k - 2 potions of resistance
 l - 2 potions of brilliance
 n - 2 potions of mutation
 o - 3 potions of flight
 p - 2 potions of might
 s - a potion of cancellation
 t - 8 potions of lignification
 u - 3 potions of degeneration
 B - 2 potions of attraction
 K - a potion of haste
 Q - 2 potions of berserk rage
 S - 2 potions of heal wounds
 U - a potion of ambrosia {unknown}
 Z - 2 potions of magic


   Skills:
 - Level 10.4 Fighting
 - Level 8.0 Dodging
 - Level 2.1 Stealth
 - Level 4.0 Shields
 - Level 11.0 Spellcasting
 - Level 14.0 Conjurations
 + Level 10.1 Fire Magic


You had 5 spell levels left.
You knew the following spells:

 Your Spells              Type           Power      Damage    Failure   Level
a - Foxfire               Conj/Fire      100%       2x1d9     1%          1
b - Scorch                Fire           100%       2d9       1%          2
c - Flame Wave            Conj/Fire      68%        2d15      1%          4
d - Mephitic Cloud        Conj/Pois/Air  40%        N/A       1%          3
e - Orb of Destruction    Conj           37%        9d11      3%          7
f - Ignition              Fire           31%        3d10      75%         8
g - Fireball              Conj/Fire      34%        3d14      1%          5

Your spell library contained the following spells:

 Spells                   Type           Power      Damage    Failure   Level
 Freezing Cloud           Conj/Ice/Air   20%        6-21      5%          5
 Ignite Poison            Fire/Tmut/Pois 33%        N/A       1%          3
 Inner Flame              Hex/Fire       42%        N/A       1%          3
 Stone Arrow              Conj/Erth      100%       3d13      1%          3
 Volatile Blastmotes      Fire/Tloc      84%        2d17      1%          3
 Fulminant Prism          Conj/Hex       25%        3d14      1%          4
 Iskenderun's Mystic Bla  Conj/Tloc      51%        2d11      1%          4
 Sticky Flame             Conj/Fire      68%        2d8       1%          4
 Wereblood                Tmut           14%        N/A       8%          2
 Olgreb's Toxic Radiance  Pois           14%        N/A       13%         4
 Summon Guardian Golem    Hex/Summ       14%        N/A       14%         3
 Lee's Rapid Deconstruct  Erth           7%         3d6*      32%         5
 Anguish                  Hex/Necr       7%         N/A       43%         4
 Animate Armour           Summ/Erth      28%        N/A       43%         4
 Cause Fear               Hex            7%         N/A       43%         4
 Starburst                Conj/Fire      34%        6d10      1%          6
 Plasma Beam              Fire/Air       21%        2x1d36    24%         6
 Spellforged Servitor     Conj/Summ      25%        N/A       50%         7
 Lehudib's Crystal Spear  Conj/Erth      25%        10d7      98%         8
 Enfeeble                 Hex            7%         N/A       100%        7
 Summon Hydra             Summ           7%         N/A       100%        7
 Discord                  Hex            7%         N/A       100%        8
 Sublimation of Blood     Necr           Unusable   N/A       N/A         2

Dungeon Overview and Level Annotations

Branches:
Dungeon (11/15)            Temple (1/1) D:6            Lair (5/5) D:11
  Swamp (0/4) Lair:2        Snake (0/4) Lair:2        Slime (0/5) Lair:4
    Orc (1/2) D:10         Bailey (visited)           IceCv (visited)

Altars:
Cheibriados
Dithmenos
Fedhas
Gozag
Hepliaklqana
Kikubaaqudgha
Makhleb
Nemelex Xobeh
Qazlal
Ru
Sif Muna
Trog
Uskayaw
Vehumet
Xom
Yredelemnul
Zin
The Shining One
Jiyva

Shops:
D:1 ?   D:4 :   D:6 ?   D:8 [

Annotations:
D:4 1 runed translucent door, kiwi3s's ghost, amateur MiBe
D:9 6 transporters


Innate Abilities, Weirdness & Mutations

You are immune to sickness and miasma.
Your stone body is resilient. (AC +10)
You are immune to poison.
Your large and strong wings let you fly.
You resist negative energy. (rN+)
You are resistant to electric shocks. (rElec)
You are resistant to unholy torment.
You are immune to petrification.


Message History

The fire dragon is no longer moving slowly.
You radiate an aura of cold.
The fire dragon seems to slow down.
You radiate an aura of cold.
The fire dragon seems to slow down.
Casting: Flame Wave (safe; 1% risk of failure)
Confirm with . or Enter, or press ? or * to list all spells.
You don't know that spell.
Casting: Flame Wave (safe; 1% risk of failure)
Confirm with . or Enter, or press ? or * to list all spells.
Aiming: Orb of Destruction (dangerous; 3% risk of failure)
Press: ? - help, Shift-Dir - straight line, f - fire dragon
Aim: a fire dragon (slow)
You now have 22/29 mp.
Casting: Orb of Destruction (dangerous; 3% risk of failure)
Confirm with . or Enter, or press ? or * to list all spells.
Aiming: Orb of Destruction (dangerous; 3% risk of failure)
Press: ? - help, Shift-Dir - straight line, f/p - fire dragon
Aim: a fire dragon (slow, ally target)
The orb of destruction hits the fire dragon!!
The fire dragon is moderately wounded.
You now have 15/29 mp.
The fire dragon breathes flames at you. The blast of flame hits you!!!
* * * LOW HITPOINT WARNING * * *
The orb of destruction hits the fire dragon!!!
The fire dragon is almost dead.
You take 39 damage, and have 18/88 hp.
MASSIVE DAMAGE!!
Casting: Orb of Destruction (dangerous; 3% risk of failure)
Confirm with . or Enter, or press ? or * to list all spells.
Aiming: Orb of Destruction (dangerous; 3% risk of failure)
Press: ? - help, Shift-Dir - straight line, f/p - fire dragon
Aim: a fire dragon (almost dead, slow)
You miscast Orb of Destruction.
You are very lightly contaminated with residual magic.
A wave of violent energy washes through your body!
* * * LOW HITPOINT WARNING * * *
You radiate an aura of cold.
The fire dragon seems to slow down.
The fire dragon breathes flames at you. The blast of flame hits you!!!
Ouch! That really hurt!
You die...

#####$$$ #..###$ ##
##.#### ##. ##....#####.#
#......##.^#.
######......#.....
#P...P........##..
#####..○○○D....PP...).
###.#..@○...............
##.........P......##.P#.#
##.P.............#########
#.............####
#######...........##
#.#.###P............
##.#.#............#8.
###...#..#.............
.........#...........


You could see a fire dragon (slow, catching breath).

Vanquished Creatures
  A reaper (IceCv)
  Nessos (Lair:4)
  A fire dragon (Lair:5)
  2 vault guards (Bailey)
  2 hydras
  Urug (Lair:4)
  Amaemon (D:8)
  2 skysharks
  A swamp dragon (Lair:5)
  A cyclops (D:10)
  4 elephants (Lair:3)
  A guardian serpent (Lair:2)
  4 black mambas
  An orange demon (D:8)
  9 cane toads
  Maggie (D:8)
  A gargoyle (D:11)
  5 kobold demonologists
  7 komodo dragons
  A freezing wraith (IceCv)
  2 rime drakes
  Psyche (D:10)
  6 ice devils (IceCv)
  2 anaconda simulacra (IceCv)
  3 trolls
  A hornet (D:9)
  2 polar bears
  14 blink frogs (Lair:5)
  Prince Ribbit (Bailey)
  A shadow (D:10)
  A wraith (D:10)
  10 yaks
  2 wyverns
  A vampire (D:10)
  6 humans (Bailey)
  7 basilisks
  Eustachio (D:5)
  3 death yak simulacra
  3 vampire mosquitoes (D:11)
  Menkaure (D:5)
  4 steam dragons
  A harpy simulacrum (IceCv)
  A warg (D:10)
  5 acid dragons
  Duvessa (D:5)
  16 water moccasins
  A swamp drake (Lair:5)
  2 sky beasts
  4 orc warriors
  2 ice beasts
  3 black bears
  8 wolves
  A centaur (D:11)
  An ogre (D:4)
  2 phantoms
  5 kobold brigands
  20 bullfrogs
  A gnoll sergeant (D:8)
  5 scorpions
  A two-headed ogre simulacrum (IceCv)
  4 wights (D:8)
  Dowan (D:5)
  3 elephant simulacra (IceCv)
  18 killer bees
  6 electric eels
  4 hounds
  4 orc priests
  A sleepcap (D:5)
  Jessica (D:2)
  9 iguanas
  12 orc wizards
  2 troll simulacra (IceCv)
  3 spriggan simulacra (IceCv)
  A wolf simulacrum (IceCv)
  Robin (D:2)
  20 gnolls
  4 adders
  A naga simulacrum (IceCv)
  2 white imps
  6 ufetubi
  A worm (D:3)
  4 dart slugs
  43 orcs
  4 ball pythons
  8 endoplasms
  3 giant cockroaches
  23 goblins
  10 hobgoblins
  2 quokkas
  3 bats
  2 frilled lizards (D:1)
  22 kobolds
  4 rats
431 creatures vanquished.

Vanquished Creatures (others)
  A killer bee (D:9)
  A bush (Lair:1)
  378 foxfires
  25 fungi
  59 plants
464 creatures vanquished.

Grand Total: 895 creatures vanquished

Notes
Turn   | Place    | Note
-------+----------+-------------------------------------------
     0 | D:1      | jasper the Gargoyle Fire Elementalist began the quest for
                  | the Orb.
     0 | D:1      | Reached XP level 1. HP: 10/10 MP: 3/3
   272 | D:1      | Reached XP level 2. HP: 15/15 MP: 3/5
   275 | D:1      | Learned a level 2 spell: Scorch
   432 | D:1      | Found Jadouxoa's Magic Scroll Boutique.
   456 | D:1      | Bought a scroll of identify for 24 gold pieces
   717 | D:1      | Reached XP level 3. HP: 20/20 MP: 4/6
  1294 | D:2      | Reached skill level 1 in Fighting
  1374 | D:2      | Noticed Robin
  1381 | D:2      | Killed Robin
  1394 | D:2      | Reached XP level 4. HP: 26/26 MP: 1/8
  1529 | D:2      | Learned a level 4 spell: Flame Wave
  1728 | D:2      | Noticed Jessica
  1735 | D:2      | Killed Jessica
  1736 | D:2      | Reached skill level 2 in Conjurations
  2093 | D:3      | Reached XP level 5. HP: 29/30 MP: 0/9
  2282 | D:3      | Reached skill level 3 in Conjurations
  2833 | D:4      | Noticed an ogre
  2837 | D:4      | Reached XP level 6. HP: 35/35 MP: 1/10
  2987 | D:4      | Found a runed translucent door.
  2989 | D:4      | Noticed kiwi3s's ghost (amateur MiBe)
  3017 | D:4      | Found Efenuong's Book Shop.
  3046 | D:4      | Reached skill level 4 in Conjurations
  3197 | D:4      | Reached skill level 5 in Fire Magic
  3557 | D:4      | Reached XP level 7. HP: 39/39 MP: 2/11
  3809 | D:4      | Reached skill level 5 in Conjurations
  3984 | D:4      | You fall into a shaft and drop 1 floor!
  3984 | D:5      | Entered Level 5 of the Dungeon
  4036 | D:5      | Noticed Duvessa
  4036 | D:5      | Noticed Dowan
  4053 | D:5      | Killed Duvessa
  4056 | D:5      | Killed Dowan
  4183 | D:5      | Reached skill level 6 in Conjurations
  4332 | D:5      | Reached XP level 8. HP: 44/44 MP: 5/12
  4618 | D:5      | Noticed Menkaure
  4626 | D:5      | Killed Menkaure
  4925 | D:5      | Reached skill level 7 in Conjurations
  5072 | D:5      | Noticed Eustachio
  5080 | D:5      | Killed Eustachio
  5491 | D:6      | Identified the +4 robe of Pacastrij {Fly rC+}
  5523 | D:6      | Found a staircase to the Ecumenical Temple.
  5533 | Temple   | Entered the Ecumenical Temple
  5596 | Temple   | Became a worshipper of Vehumet
  5647 | D:6      | Found Leoda Poge's Magic Scroll Boutique.
  5659 | D:6      | Reached XP level 9. HP: 43/52 MP: 9/15
  6374 | D:7      | Reached * piety under Vehumet
  6374 | D:7      | Offered knowledge of Magic Dart by Vehumet.
  6444 | D:7      | Reached skill level 5 in Fighting
  6444 | D:7      | Reached skill level 5 in Spellcasting
  6649 | D:7      | Noticed a boulder beetle
  6666 | D:8      | Found Elesan's Antique Armour Shoppe.
  7082 | D:8      | Noticed Maggie
  7084 | D:8      | Reached ** piety under Vehumet
  7085 | D:8      | Offered knowledge of Poisonous Vapours by Vehumet.
  7086 | D:8      | Noticed an orange demon
  7087 | D:8      | Noticed Amaemon
  7097 | D:8      | Killed Maggie
  7098 | D:8      | Reached skill level 5 in Dodging
  7098 | D:8      | Reached XP level 10. HP: 40/61 MP: 1/19
  7098 | D:8      | Killed an orange demon
  7111 | D:9      | Found a transporter.
  7111 | D:9      | Found a transporter.
  7135 | D:7      | HP: 1/63 [boulder beetle (11)]
  7456 | D:8      | Killed Amaemon
  8076 | D:9      | Found a transporter.
  8079 | D:9      | Found a transporter.
  8221 | D:9      | Identified the +4 chain mail of the Soldier {Drain Str+3
                  | Stlth+}
  8300 | D:9      | Offered knowledge of Mephitic Cloud by Vehumet.
  8306 | D:9      | Learned a level 3 spell: Mephitic Cloud
  8442 | D:9      | Learned a level 7 spell: Orb of Destruction
  8449 | D:9      | Reached *** piety under Vehumet
  8567 | D:9      | Found a transporter.
  8574 | D:9      | Found a transporter.
  8641 | D:9      | Found a stormy altar of Qazlal.
  8724 | D:10     | Entered Level 10 of the Dungeon
  8732 | D:10     | Noticed a kobold demonologist
  8733 | D:10     | Found a hide-covered altar of Uskayaw.
  8742 | D:10     | Noticed a soul eater
  8746 | D:10     | Killed a kobold demonologist
  8788 | D:10     | Found a staircase to the Orcish Mines.
  8868 | D:10     | Reached skill level 8 in Conjurations
  8960 | D:10     | Noticed a cyclops
  8975 | D:10     | Killed a cyclops
  8976 | D:10     | Reached XP level 11. HP: 23/68 MP: 22/22
  9205 | D:10     | Found a flagged portal.
  9215 | Bailey   | Entered a bailey
  9228 | Bailey   | Reached skill level 9 in Conjurations
  9234 | Bailey   | Offered knowledge of Ignite Poison by Vehumet.
  9369 | Bailey   | Reached skill level 10 in Conjurations
  9405 | Bailey   | Noticed a vault guard
  9416 | Bailey   | Killed a vault guard
  9446 | Bailey   | Noticed a vault guard
  9448 | Bailey   | Noticed Prince Ribbit
  9455 | Bailey   | Killed Prince Ribbit
  9456 | Bailey   | Reached skill level 11 in Conjurations
  9457 | Bailey   | Killed a vault guard
 10004 | D:10     | Noticed Psyche
 10086 | D:10     | Killed Psyche
 10086 | D:10     | Reached **** piety under Vehumet
 10146 | D:10     | Learned a level 3 spell: Stone Arrow
 10197 | D:10     | Found an opulent altar of Gozag.
 10356 | Orc:1    | Entered Level 1 of the Orcish Mines
 10356 | Orc:1    | Noticed an orc warlord
 10369 | D:10     | Reached skill level 12 in Conjurations
 10372 | D:10     | Offered knowledge of Lee's Rapid Deconstruction by Vehumet.
 10561 | D:11     | Noticed a sun demon
 10574 | D:11     | Reached XP level 12. HP: 55/73 MP: 23/25
 10649 | D:11     | Learned a level 5 spell: Lee's Rapid Deconstruction
 10854 | D:11     | Found a staircase to the Lair.
 11288 | D:4      | Bought a book of Fire for 528 gold pieces
 11296 | D:4      | Learned a level 5 spell: Fireball
 11444 | Lair:1   | Entered Level 1 of the Lair of Beasts
 11760 | Lair:1   | Reached skill level 13 in Conjurations
 12542 | Lair:1   | Reached skill level 14 in Conjurations
 13295 | Lair:2   | Noticed a skyshark
 13310 | Lair:2   | Killed a skyshark
 13382 | Lair:2   | Found a frozen archway.
 13406 | IceCv    | Entered an ice cave
 13429 | IceCv    | Reached ***** piety under Vehumet
 13430 | IceCv    | Offered knowledge of Yara's Violent Unravelling by Vehumet.
 13560 | IceCv    | Noticed a reaper
 13772 | IceCv    | Killed a reaper
 13978 | IceCv    | Found the +4 skin of Zhor {*Englaciate rC+++ SInv}
 14199 | Lair:2   | Reached XP level 13. HP: 80/80 MP: 10/26
 14314 | Lair:2   | Reached skill level 10 in Spellcasting
 14581 | Lair:2   | Found a staircase to the Snake Pit.
 14863 | Lair:2   | Found a staircase to the Swamp.
 16161 | Lair:4   | Reached skill level 10 in Fighting
 16303 | Lair:4   | Noticed Urug
 16323 | Lair:4   | Killed Urug
 16355 | Lair:4   | Learned a level 8 spell: Ignition
 16700 | Lair:4   | Found a staircase to the Slime Pits.
 16700 | Lair:4   | Found a viscous altar of Jiyva.
 16716 | Lair:4   | Noticed Nessos
 16721 | Lair:4   | Killed Nessos
 17471 | Lair:5   | Entered Level 5 of the Lair of Beasts
 18169 | Lair:5   | Offered knowledge of Freezing Cloud by Vehumet.
 18170 | Lair:5   | Gained mutation: Your large and strong wings let you fly.
                  | [Gargoyle growth]
 18170 | Lair:5   | Reached XP level 14. HP: 88/88 MP: 13/29
 18256 | Lair:5   | Reached skill level 10 in Fire Magic
 18576 | Lair:5   | Found a runed translucent door.
 18614 | Lair:5   | Killed from afar by a fire dragon

Illustrated notes

Levels and vault maps discovered:
D:1:      wheals_arrival_shading, layout_basic, serial_shops,
          nicolae_shop_temple_entry_statues_fountains, chequers_mini_garden,
          minmay_3d_cube
D:2:      layout_rooms, kennysheep_jessica_study, uniq_robin
D:3:      layout_basic, grunt_decor_arrowhead
D:4:      layout_gridville, serial_shops, shop, hellmonk_ghost_happy_afterlife,
          minmay_ruptured
D:5:      layout_loops_ring, serial_glass, glass_columns_a, glass_columns_c,
          glass_columns_c, glass_columns_b, glass_columns_a,
          chequers_ossuary_entry_cave, uniq_duvessa, uniq_menkaure,
          uniq_eustachio
D:6:      layout_rooms, minmay_temple_entry_mini_moons, serial_shops, shop,
          kennysheep_nondescript, minmay_manual_macuahuitl
D:7:      layout_loops_corners, kennysheep_generic_room_2
D:8:      layout_gridville, serial_shops, shop_coins, uniq_maggie, uniq_amaemon
D:9:      layout_rooms, lemuel_crystal_altar, serial_nicolae_subway,
          nicolae_sub_station_crystal, nicolae_sub_station_metal,
          nicolae_sub_station_stone
D:10:     layout_loops_cross, mainiacjoe_overflow_small_starburst,
          marbit_many_paths, orc_0_dummy, enter_bailey_2, nrook_campfire,
          kennysheep_path_1, hangedman_decor_slide_cut, serial_bayou_pond_c,
          uniq_psyche
D:11:     layout_basic, grunt_lair_entry_orc_guard_hut
Temple:   compressed_dpeg_triangle_lava_temple
Lair:1:   layout_gridlike, wad_woods_06, infiniplex_staircase_pool_2
Lair:2:   layout_concentric_octagons, minmay_swamp_entry_eels,
          minmay_snake_entry_spellcaster, portal_ice_cave_entry_ice_simulacra,
          grunt_megastairs_5, serial_bayou_shore_a, infiniplex_staircase_pool
Lair:3:   layout_regular_city, lemuel_fruit_tree
Lair:4:   layout_regular_city, slime_entry_1, st_stairs_5, uniq_nessos,
          uniq_urug
Lair:5:   guppyfry_lair_end_dragon, layout_cave_pods, wormcave,
          grunt_megastairs_1
Orc:1:    layout_diamond_mine, serial_shops, shop

Skill      XL: |  1  2  3  4  5  6  7  8  9 10 11 12 13 14 |
---------------+-------------------------------------------+-----
Fighting       | 1 3 6 8 9 10 | 10.4
Spellcasting   | 3 4 6 7 9 11 | 11.0
Conjurations   | 2 3 4 6 7 8 12 14 | 14.0
Fire Magic     | 4 5 6 7 9 10 | 10.1
Dodging        | 3 5 6 7 8 |  8.0
Shields        | 4 |  4.0
Stealth        | |  2.1

Action                     |  1- 3 |  4- 6 |  7- 9 | 10-12 | 13-15 || total
---------------------------+-------+-------+-------+-------+-------++-------
  Melee: Unarmed           |     2 |       |       |    16 |       ||    18
         Staff             |     1 |    58 |    66 |     4 |       ||   129
         Punch             |       |     1 |     1 |     1 |       ||     3
         Demon whip        |       |       |       |   127 |    92 ||   219
   Cast: Foxfire           |    46 |    84 |    88 |     2 |     2 ||   222
         Scorch            |     7 |    15 |    51 |    65 |    18 ||   156
         Flame Wave        |       |       |    12 |    46 |    10 ||    68
         Mephitic Cloud    |       |       |       |     2 |       ||     2
         Orb of Destructio |       |       |       |     1 |     6 ||     7
         Fireball          |       |       |       |    69 |    85 ||   154
  Evoke: Wand              |       |       |     8 |    10 |     2 ||    20
    Use: Scroll            |     3 |     8 |     2 |    15 |     4 ||    32
         Potion            |       |     1 |       |     6 |       ||     7
 Armour: Robe              |     7 |    43 |    78 |   242 |       ||   370
         Skin              |       |       |       |     7 |       ||     7
         Animal skin       |       |       |       |       |    68 ||    68
  Dodge: Dodged            |    11 |    46 |   114 |   262 |    81 ||   514
  Block: Other             |       |       |       |    75 |       ||    75
         Reflection        |       |       |       |     2 |     1 ||     3
         Buckler           |       |       |       |       |    71 ||    71

Table legend: (Time is in decaauts)
 A = Elapsed time spent in this place.
 B = Non-inter-level travel time spent in this place.
 C = Inter-level travel time spent in this place.
 D = Time resting spent in this place.
 E = Time spent auto-exploring this place.
 F = Levels seen in this place.
 G = Mean time per level.
                   A        B        C        D        E       F      G
               +--------+--------+--------+--------+--------+-----+--------+
         Total |  18653 |  17820 |    833 |   1877 |  13256 |  20 |  932.7 |
       Dungeon |  11256 |  10587 |    669 |    864 |   8149 |  11 | 1023.3 |
        Temple |     72 |     64 |      8 |      0 |     21 |   1 |   72.0 |
          Lair |   6178 |   6022 |    156 |    599 |   4680 |   5 | 1235.6 |
  Orcish Mines |      8 |      8 |      0 |      0 |      0 |   1 |    8.0 |
        Bailey |    397 |    397 |      0 |     11 |    279 |   1 |  397.0 |
      Ice Cave |    739 |    739 |      0 |    403 |    127 |   1 |  739.0 |
               +--------+--------+--------+--------+--------+-----+--------+

Top non-repeatable levels by time:
  Lair:4: 1453 daAuts
     D:5: 1434 daAuts
    D:10: 1383 daAuts
  Lair:1: 1364 daAuts
  Lair:2: 1291 daAuts
     D:8: 1176 daAuts
     D:1: 1144 daAuts
     D:4: 1126 daAuts
  Lair:3: 1041 daAuts
  Lair:5: 1027 daAuts
    D:11: 978 daAuts
     D:3: 921 daAuts
     D:2: 878 daAuts
     D:7: 791 daAuts
     D:6: 748 daAuts
